 Dungeon Crawl Stone Soup version 0.29-a0-648-g6b26cc9f40 (webtiles) character file.

Game seed: 6173015858578155932

44 SirFunk the Sneak (level 3, 0/21 HPs)
             Began as a Kobold Gladiator on June 21, 2022.
             Slain by a gnoll
             ... wielding a +0 club
              (4 damage)
             ... on level 1 of the Dungeon.
             The game lasted 00:01:51 (1043 turns).

SirFunk the Sneak (Kobold Gladiator)                Turns: 1043, Time: 00:01:52

Health: 0/21       AC:  4    Str: 11    XL:     3   Next: 87%
Magic:  3/3        EV: 15    Int:  9    God:
Gold:   151        SH:  0    Dex: 18    Spells: 2/2 levels left

rFire   . . .      SeeInvis .   a - +0 rapier
rCold   . . .      Faith    .   (no shield)
rNeg    . . .      Spirit   .   b - +0 leather armour
rPois   .          Reflect  .   c - +0 helmet
rElec   .          Harm     .   (no cloak)
rCorr   .          Rampage  .   (no gloves)
Will    .....                   (no boots)
Stlth   ++++......              (no amulet)
HPRegen 0.07/turn               (no ring)
MPRegen 0.08/turn               (no ring)

@: no status effects
A: small, no large weapons, nightstalker 3
a: no special abilities


You were on level 1 of the Dungeon.
You visited 1 branch of the dungeon, and saw 2 of its levels.

You collected 151 gold pieces.

Inventory:

Hand Weapons
 a - a +0 rapier (weapon)
Missiles
 d - 3 throwing nets (quivered)
 e - 2 boomerangs
 j - 23 stones
 l - 5 poisoned darts
Armour
 b - a +0 leather armour (worn)
 c - a +0 helmet (worn)
Scrolls
 g - 3 scrolls of teleportation {unknown}
 h - 2 scrolls of fog {unknown}
 i - a scroll of brand weapon {unknown}
 n - a scroll of identify {unknown}
Potions
 f - a potion of heal wounds {unknown}
 k - 2 potions of flight {unknown}
 m - a potion of lignification {unknown}


   Skills:
 - Level 2.1 Fighting
 - Level 4.0 Short Blades
 - Level 2.1 Throwing
 - Level 3.6 Dodging
 * Level 4.6 Stealth


You had 2 spell levels left.
You didn't know any spells.
Your spell library contained the following spells:

 Spells                   Type           Power      Damage    Failure   Level
 Poisonous Vapours        Pois/Air       0%         N/A       63%         2
 Corpse Rot               Necr/Pois/Air  0%         N/A       99%         4


Dungeon Overview and Level Annotations

Branches:
Dungeon (2/15)

Altars:


Innate Abilities, Weirdness & Mutations

You are small and have problems with some larger weapons.
You are completely attuned to the shadows.


Message History

You impale the hobgoblin!!
You kill the hobgoblin!
No target in view!
There is a stone staircase leading up here.
A gnoll comes into view. It is wielding a +0 spear.
A gnoll is nearby!
A gnoll comes into view. It is wielding a +0 club.
The gnoll completely misses you.
You hit the gnoll but do no damage. The gnoll misses you.
You hit the gnoll.
The gnoll is moderately wounded.
The gnoll barely misses you.
You puncture the gnoll!
You kill the gnoll!
The gnoll shouts!
You hear a shout!
A gnoll comes into view. It is wielding a +0 spear.
Found a leather armour and a whip.
The gnoll hits you from afar with a +0 spear.
You see here a +0 spear.
You barely miss the gnoll. The gnoll barely misses you.
The gnoll hits you from afar with a +0 spear.
You barely miss the gnoll. The gnoll barely misses you.
The gnoll hits you from afar with a +0 spear.
You don't know any spells.
The gnoll attacks as you move away! The gnoll barely misses you.
The gnoll attacks as you move away! The gnoll hits you but does no damage.
The gnoll attacks as you move away! The gnoll hits you but does no damage.
The gnoll attacks as you move away! The gnoll hits you with a +0 club.
The gnoll attacks as you move away! The gnoll misses you.
There is a stone staircase leading up here.
The gnoll hits you from afar with a +0 spear.
* * * LOW HITPOINT WARNING * * *
You climb upwards.
There is a stone staircase leading down here.
The gnoll completely misses you.
There is an open door here.
The gnoll attacks as you move away! The gnoll misses you.
There is an open door here.
The gnoll attacks as you move away! The gnoll hits you with a +0 club.
You die...

###### #....# # #....#
###########....#####
##.#.#
#>...).............' #.#.#
#.#########.#####.##
#.#.###.#####.....#####.##
#.#...#..................'
#.###.#'#####.##......#.##
#.# #...g####.##.####.#.##
#.# #....@....##.#..#'#+##
#.# #....#######.#........
#.# #............#........
#.# #.....###.............
#.# #.###.###...#..#......
#.# #.......#......+.....[
#.# #####.#.#....#.#......
#.# #...#.#......#......
#.# ##+###.###.####......


You could see a gnoll.

Vanquished Creatures
  A gnoll (D:2)
  An adder (D:2)
  A dart slug (D:1)
  2 bats
  2 endoplasms (D:1)
  A giant cockroach (D:1)
  7 hobgoblins
  2 kobolds (D:1)
  A quokka (D:1)
  A ball python (D:1)
  4 rats
23 creatures vanquished.

Notes
Turn   | Place    | Note
-------+----------+-------------------------------------------
     0 | D:1      | SirFunk the Kobold Gladiator began the quest for the Orb.
     0 | D:1      | Reached XP level 1. HP: 12/12 MP: 1/1
    92 | D:1      | Reached skill level 1 in Stealth
   196 | D:1      | Reached XP level 2. HP: 17/17 MP: 2/2
   578 | D:1      | Found a faded altar of an unknown god.
   640 | D:1      | Reached XP level 3. HP: 21/21 MP: 3/3
  1043 | D:1      | Slain by a gnoll

Illustrated notes

Levels and vault maps discovered:
D:1:      dpeg_arrival_rooms_b, layout_basic,
          shapermc_ecumenical_altar_hornbeckon
D:2:      layout_rooms

Skill      XL: |  1  2  3 |
---------------+----------+-----
Stealth        | 2 3 4 |  4.6
Fighting       | |  2.1
Short Blades   | |  4.0
Throwing       | |  2.1
Dodging        | |  3.6

Action                   || total
-------------------------++-------
Melee: Rapier            ||    36
 Stab: Sleeping          ||    12
Armor: Leather armour    ||     6
Dodge: Dodged            ||    18

Table legend: (Time is in decaauts)
 A = Elapsed time spent in this place.
 B = Non-inter-level travel time spent in this place.
 C = Inter-level travel time spent in this place.
 D = Time resting spent in this place.
 E = Time spent auto-exploring this place.
 F = Levels seen in this place.
 G = Mean time per level.
                   A        B        C        D        E       F      G
               +--------+--------+--------+--------+--------+-----+--------+
         Total |   1048 |    948 |    100 |      0 |    760 |   2 |  524.0 |
       Dungeon |   1048 |    948 |    100 |      0 |    760 |   2 |  524.0 |
               +--------+--------+--------+--------+--------+-----+--------+

Top non-repeatable levels by time:
     D:1: 921 daAuts
     D:2: 126 daAuts
